 Dungeon Crawl Stone Soup version 0.27-a0-170-g607d9e9d85 (webtiles) character file.

Game seed: 3076199485655459193

1868 vurker the Slinger (level 9, -10/61 HPs)
             Began as a Halfling Hunter on Jan 28, 2021.
             Was a Believer of Okawaru.
             Mangled by an orc warrior
             ... wielding a +0 glaive
              (21 damage)
             ... on level 6 of the Dungeon.
             The game lasted 00:09:05 (6889 turns).

vurker the Slinger (Halfling Hunter)                Turns: 6889, Time: 00:09:06

Health: -10/61     AC: 12    Str: 16    XL:     9   Next: 35%
Magic:  10/12      EV: 12    Int:  9    God:    Okawaru [**....]
Gold:   316        SH:  7    Dex: 15    Spells: 8/8 levels left

rFire    . . .     SeeInvis .   a - +1 hunting sling
rCold    . . .     Faith    .   B - +0 buckler (curse)
rNeg     . . .     Spirit   .   C - +0 chain mail
rPois    .         Reflect  .   (no helmet)
rElec    .         Harm     .   y - +0 cloak
rCorr    .         Rampage  .   (no gloves)
Will     .....                  n - +0 pair of boots
Stlth    ..........             (no amulet)
HPRegen  0.20/turn              (no ring)
MPRegen  0.13/turn              (no ring)

@: heroism
A: small, mutation resistance 1
a: Renounce Religion, Heroism


You were on level 6 of the Dungeon.
You worshipped Okawaru.
Okawaru was pleased with you.
You visited 1 branch of the dungeon, and saw 7 of its levels.

You collected 316 gold pieces.

Inventory:

Hand Weapons
 a - a +1 hunting sling (weapon)
 b - a +0 short sword
Missiles
 f - 80 stones
 D - 39 sling bullets (quivered ammo)
Armour
 n - a +0 pair of boots (worn)
   (You found it on level 2 of the Dungeon)
 y - a +0 cloak (worn)
   (You found it on level 5 of the Dungeon)
 B - a cursed +0 buckler (worn)
   (You found it on level 4 of the Dungeon)
 C - a +0 chain mail (worn)
   (You took it off an orc warrior on level 5 of the Dungeon)
Wands
 d - a wand of iceblast (8)
   (You found it on level 4 of the Dungeon)
 t - a wand of flame (24)
   (You found it on level 6 of the Dungeon)
 u - a wand of paralysis (10)
   (You found it on level 6 of the Dungeon)
Scrolls
 h - 2 scrolls of fear {unknown}
 j - 5 scrolls of remove curse {unknown}
 o - a scroll of magic mapping {unknown}
 p - 2 scrolls of teleportation {unknown}
 q - 3 scrolls of fog {unknown}
 v - a scroll of amnesia {unknown}
Potions
 e - a potion of haste
 i - a potion of ambrosia
 k - a potion of cancellation
 l - a potion of mutation {unknown}
 m - 2 potions of might
 r - 2 potions of flight
 s - a potion of attraction {unknown}
 w - a potion of heal wounds
 z - 3 potions of curing {unknown}
 A - a potion of magic


   Skills:
 + Level 5.1(10.1) Fighting
 * Level 12.0(17.0) Slings
 - Level 2.1(7.1) Dodging
 - Level 1.1(6.1) Stealth
 + Level 4.8(9.8) Shields
 + Level 5.2 Invocations


You had 8 spell levels left.
You didn't know any spells.
Your spell library contained the following spells:

 Spells                   Type           Power        Failure   Level
 Beastly Appendage        Tmut           0%           99%         1
 Corona                   Hex            0%           99%         1
 Ensorcelled Hibernation  Hex/Ice        0%           100%        2
 Wereblood                Tmut           0%           100%        2
 Confusing Touch          Hex            0%           100%        3
 Dazzling Flash           Conj/Hex       0%           100%        3
 Spider Form              Tmut/Pois      0%           100%        3
 Tukima's Dance           Hex            0%           100%        3
 Ice Form                 Ice/Tmut       0%           100%        4
 Blade Hands              Tmut           0%           100%        5


Dungeon Overview and Level Annotations

Branches:
Dungeon (7/15)             Temple (0/1) D:5

Altars:
Gozag
Nemelex Xobeh
Okawaru
Trog
Vehumet
Wu Jian

Shops:
D:6 (

Annotations:
D:4 3 runed translucent doors, Borgoz's ghost, amateur HaFi; bmj180's ghost, amateur DrCj; bmj180's ghost, amateur MiMo; iamberjio's ghost, amateur DDFi
D:7 Dowan


Innate Abilities, Weirdness & Mutations

You are small and have problems with some larger weapons.
You are somewhat resistant to further mutation.


Message History

The stone barely misses the orc warrior.
You shoot a stone.
The stone hits the orc warrior but does no damage.
The orc warrior completely misses you.
You shoot a stone.
The stone completely misses the orc warrior.
You shoot a stone. The stone hits the orc warrior.
The orc warrior hits you with a +0 glaive!!
* * * LOW HITPOINT WARNING * * *
Fire: 81 stones
Aim: an orc warrior, wielding a +0 glaive and wearing a +0 plate armour (lightly wounded, 67% to hit)
Okay, then.
You gain the combat prowess of a mighty hero.
Fire: 81 stones
Aim: an orc warrior, wielding a +0 glaive and wearing a +0 plate armour (lightly wounded, 71% to hit)
You shoot a stone.
The stone hits the orc warrior but does no damage.
The orc warrior misses you.
Fire: 47 sling bullets
Aim: an orc warrior, wielding a +0 glaive and wearing a +0 plate armour (lightly wounded, 72% to hit)
You shoot a sling bullet.
The sling bullet hits the orc warrior but does no damage.
Fire: 46 sling bullets
Aim: an orc warrior, wielding a +0 glaive and wearing a +0 plate armour (lightly wounded, 72% to hit)
You shoot a sling bullet. The sling bullet hits the orc warrior.
You block the orc warrior's attack.
Fire: 45 sling bullets
Aim: an orc warrior, wielding a +0 glaive and wearing a +0 plate armour (moderately wounded, 71% to hit)
You shoot a sling bullet. The sling bullet hits the orc warrior.
Fire: 44 sling bullets
Aim: an orc warrior, wielding a +0 glaive and wearing a +0 plate armour (moderately wounded, 71% to hit)
You shoot a sling bullet. The sling bullet hits the orc warrior.
The orc warrior hits you with a +0 glaive!
* * * LOW HITPOINT WARNING * * *
Fire: 43 sling bullets
Aim: an orc warrior, wielding a +0 glaive and wearing a +0 plate armour (severely wounded, 72% to hit)
You shoot a sling bullet. The sling bullet hits the orc warrior.
Fire: 42 sling bullets
Aim: an orc warrior, wielding a +0 glaive and wearing a +0 plate armour (severely wounded, 71% to hit)
You shoot a sling bullet. The sling bullet hits the orc warrior.
You block the orc warrior's attack.
Fire: 41 sling bullets
Aim: an orc warrior, wielding a +0 glaive and wearing a +0 plate armour (severely wounded, 71% to hit)
You shoot a sling bullet. The sling bullet hits the orc warrior.
Fire: 40 sling bullets
Aim: an orc warrior, wielding a +0 glaive and wearing a +0 plate armour (almost dead, 71% to hit)
You shoot a sling bullet.
The sling bullet closely misses the orc warrior.
The orc warrior hits you with a +0 glaive!!
You die...

#.........# #..∩......#
#.........# ##############
#.......... ##.....##.....##
#.......... #..........[...##
#.......... ...........<....#
#.......... ................##
#.......... .............)..@#
####)#####. ................o###
##.# #. ......>.....)...(..##
#..# ##
................##..#####.#######
................###......(.......
........#.....#.######....##.....
....#............................
..#...##.#...##.#..#.............
#.#........#.##.#.##.#######.....


You could see an orc warrior.

Vanquished Creatures
  Menkaure (D:5)
  2 sky beasts (D:5)
  2 orc warriors (D:5)
  An ice beast (D:6)
  3 phantoms
  3 centaurs
  A scorpion (D:5)
  A howler monkey (D:5)
  3 hounds
  A bullfrog skeleton (D:5)
  3 orc priests
  4 orc wizards
  A centaur skeleton (D:3)
  Jessica (D:2)
  An iguana (D:6)
  7 worker ants
  A howler monkey skeleton (D:7)
  3 adders
  A white imp (D:6)
  3 worms
  A leopard gecko (D:4)
  16 orcs
  A ball python (D:3)
  8 giant cockroaches
  6 hobgoblins
  3 jackals (D:5)
  A kobold (D:3)
  A quokka (D:6)
  8 bats
  5 frilled lizards
  3 goblins
  A leopard gecko zombie (D:6)
  A quokka zombie (D:6)
  7 rats
105 creatures vanquished.

Vanquished Creatures (others)
  2 withered plants (D:4)
2 creatures vanquished.

Grand Total: 107 creatures vanquished

Notes
Turn   | Place    | Note
-------+----------+-------------------------------------------
     0 | D:1      | vurker the Halfling Hunter began the quest for the Orb.
     0 | D:1      | Reached XP level 1. HP: 14/14 MP: 1/1
   180 | D:1      | Reached skill level 6 in Slings
   245 | D:1      | Reached XP level 2. HP: 19/19 MP: 2/2
   797 | D:2      | Noticed Jessica
   814 | D:2      | Killed Jessica
   815 | D:2      | Reached skill level 7 in Slings
   815 | D:2      | Reached XP level 3. HP: 14/25 MP: 3/3
  1238 | D:2      | Reached XP level 4. HP: 30/30 MP: 4/4
  1317 | D:2      | Found an iron altar of Okawaru.
  1322 | D:2      | Found a bloodstained altar of Trog.
  1322 | D:2      | Found a radiant altar of Vehumet.
  1329 | D:2      | Became a worshipper of Warmaster Okawaru
  1346 | D:2      | Found an opulent altar of Gozag.
  1358 | D:2      | Found an ornate altar of the Wu Jian Council.
  1702 | D:3      | Reached XP level 5. HP: 35/35 MP: 5/5
  1758 | D:3      | Reached skill level 1 in Invocations
  1998 | D:4      | Found a runed translucent gate.
  1998 | D:4      | Found a runed translucent gate.
  1998 | D:4      | Found a runed translucent gate.
  1998 | D:4      | Noticed bmj180's ghost (amateur MiMo)
  1999 | D:4      | Noticed Borgoz's ghost (amateur HaFi)
  1999 | D:4      | Noticed bmj180's ghost (amateur DrCj)
  1999 | D:4      | Noticed iamberjio's ghost (amateur DDFi)
  2075 | D:4      | Reached skill level 8 in Slings
  2354 | D:4      | Found a sparkling altar of Nemelex Xobeh.
  2577 | D:4      | Reached XP level 6. HP: 18/42 MP: 7/7
  2584 | D:4      | Reached skill level 1 in Shields
  2846 | D:4      | Noticed a phantom
  2864 | D:4      | Killed a phantom
  3643 | D:5      | Entered Level 5 of the Dungeon
  3656 | D:5      | Reached skill level 9 in Slings
  3665 | D:5      | Noticed Menkaure
  3671 | D:5      | Killed Menkaure
  3671 | D:5      | Reached * piety under Okawaru
  3672 | D:5      | Reached XP level 7. HP: 24/46 MP: 7/9
  4287 | D:5      | Reached XP level 8. HP: 54/54 MP: 10/10
  4309 | D:5      | Reached skill level 10 in Slings
  4649 | D:5      | Reached ** piety under Okawaru
  4972 | D:5      | Found a staircase to the Ecumenical Temple.
  5542 | D:6      | Reached skill level 11 in Slings
  5665 | D:6      | Reached XP level 9. HP: 56/59 MP: 12/12
  5709 | D:6      | Found Goocsull's Antique Weapon Shop.
  6034 | D:5      | Reached skill level 5 in Fighting
  6034 | D:5      | Reached skill level 5 in Invocations
  6282 | D:6      | Reached skill level 12 in Slings
  6765 | D:7      | Noticed Dowan
  6889 | D:6      | Mangled by an orc warrior

Illustrated notes

Levels and vault maps discovered:
D:1:      lemuel_arrival_tunnels, layout_basic
D:2:      layout_rooms, minmay_overflow_temple_star_hex, uniq_jessica
D:3:      layout_basic
D:4:      layout_loops_corners, kennysheep_mini_moat, gammafunk_ghost_cemetery
D:5:      layout_rooms, minmay_temple_entry_statues_pillars,
          minmay_increasing_density, uniq_menkaure
D:6:      layout_rooms, nicolae_overflow_hidden_temple, serial_curves,
          eino_curves_02, eino_curves_04, eino_curves_04, serial_shops, shop
D:7:      layout_cave_pools, uniq_harold, uniq_duvessa

Skill      XL: |  1  2  3  4  5  6  7  8  9 |
---------------+----------------------------+-----
Slings         | 6 7 8 9 11 12 | 12.0
Fighting       | 2 3 4 5 |  5.1
Invocations    | 1 2 3 4 5 |  5.2
Shields        | 2 4 |  4.8
Dodging        | |  2.1
Stealth        | |  1.1

Action                   |  1- 3 |  4- 6 |  7- 9 || total
-------------------------+-------+-------+-------++-------
Melee: Hunting sling     |       |       |     1 ||     1
 Fire: Hunting sling     |    65 |   147 |   373 ||   585
Invok: Heroism           |       |       |     3 ||     3
Evoke: Wand              |       |     1 |       ||     1
  Use: Scroll            |       |       |     7 ||     7
Armor: Leather armour    |     3 |     4 |    14 ||    21
       Chain mail        |       |       |     5 ||     5
Dodge: Dodged            |    10 |    23 |    86 ||   119
Block: Buckler           |       |     4 |    24 ||    28

Table legend: (Time is in decaauts)
 A = Elapsed time spent in this place.
 B = Non-inter-level travel time spent in this place.
 C = Inter-level travel time spent in this place.
 D = Time resting spent in this place.
 E = Time spent auto-exploring this place.
 F = Levels seen in this place.
 G = Mean time per level.
                   A        B        C        D        E       F      G
               +--------+--------+--------+--------+--------+-----+--------+
         Total |   6745 |   6501 |    244 |     17 |   5375 |   7 |  963.6 |
       Dungeon |   6745 |   6501 |    244 |     17 |   5375 |   7 |  963.6 |
               +--------+--------+--------+--------+--------+-----+--------+

Top non-repeatable levels by time:
     D:5: 2181 daAuts
     D:4: 1654 daAuts
     D:6: 834 daAuts
     D:1: 772 daAuts
     D:2: 619 daAuts
     D:3: 565 daAuts
     D:7: 118 daAuts
